[Event "Team 45 45 League T97"]
[Site "Internet Chess Club"]
[Date "2023.08.19"]
[Round "2"]
[White "timcent"]
[Black "Sandrotov"]
[Result "1/2-1/2"]
[WhiteElo "1884"]
[BlackElo "1634"]
[Opening "QGD: exchange, positional line"]
[ECO "D35"]
[Time "17:00:21"]
[PlyCount "89"]
[TimeControl "2700+45"]

1. d4 d5 2. c4 e6 3. Nc3 Nf6 4. cxd5 exd5 5. Bg5 Be7 6. e3 O-O 7. Bd3 Nbd7 8.
Qc2 c6 9. Nge2 Re8 10. O-O h6 11. Bh4 a5 12. f3 c5 13. Bf2 cxd4 14. exd4 Nf8 15.
Qb3 Ne6 16. Rac1 Nc7 17. Bb1 b5 18. Qc2 Ne6 19. Nxb5 Ba6 20. Nbc3 Rc8 21. Rfe1
Qb6 22. Rcd1 Rc6 23. Bh4 Nf8 24. Qd2 Ne4 25. Nxe4 Bxh4 26. Nf2 Rce6 27. Ng3
Rxe1+ 28. Rxe1 Rxe1+ 29. Qxe1 Qxb2 30. Qd1 Ne6 31. Ng4 Nxd4 32. Ne3 Be2 33. Qe1
Bxf3 34. Bd3 Bxg2 35. Qf2 Nf3+ 36. Kxg2 Ne1+ 37. Kf1 Qxf2+ 38. Kxf2 Nxd3+ 39.
Kf3 Nb4 40. a3 d4 41. axb4 dxe3 42. bxa5 Bd8 43. a6 Bb6 44. Nf5 Kf8 45. Nd6
{Game drawn by mutual agreement} 1/2-1/2

[Event "Team 45 45 League T97"]
[Site "Internet Chess Club"]
[Date "2023.08.20"]
[Round "2"]
[White "THE-WARRIOR"]
[Black "DaveTheRook"]
[Result "1-0"]
[WhiteElo "1608"]
[BlackElo "1451"]
[Opening "Queen's Indian: 4.Nc3"]
[ECO "E12"]
[Time "13:00:24"]
[PlyCount "109"]
[TimeControl "2700+45"]

1. d4 Nf6 2. c4 e6 3. Nf3 b6 4. Nc3 Bb7 5. Bg5 Be7 6. e3 O-O 7. Bd3 d5 8. O-O
Nbd7 9. Re1 h6 10. Bh4 Ne4 11. Bxe7 Qxe7 12. Qc2 Nxc3 13. bxc3 c5 14. cxd5 exd5
15. Qe2 Nf6 16. Ne5 c4 17. Bf5 Bc8 18. Qf3 Bxf5 19. Qxf5 Qe6 20. Qf4 Ne4 21.
Rac1 Qf6 22. Qxf6 Nxf6 23. f3 b5 24. Rb1 a6 25. e4 Rfe8 26. Rb4 Rab8 27. Rbb1
Re6 28. a4 Reb6 29. a5 Re6 30. h3 Rd8 31. Rb2 Rde8 32. Rbe2 R8e7 33. Kf2 Re8 34.
g4 g5 35. Kg3 Kg7 36. h4 R8e7 37. hxg5 hxg5 38. Rh1 Re8 39. Rhe1 R8e7 40. Rh1
Re8 41. exd5 Nxd5 42. Rc2 R8e7 43. Rch2 Nf6 44. f4 gxf4+ 45. Kxf4 Nd5+ 46. Kg3
Re8 47. Rh7+ Kf8 48. Rxf7+ Kg8 49. Rhh7 Nxc3 50. Rhg7+ Kh8 51. Ng6+ Rxg6 52.
Rxg6 Ne4+ 53. Kh4 c3 54. Rf5 Rc8 55. Rh5# {Black checkmated} 1-0

[Event "Team 45 45 League T97"]
[Site "Internet Chess Club"]
[Date "2023.08.18"]
[Round "2"]
[White "seattleblues"]
[Black "julesraider"]
[Result "0-1"]
[WhiteElo "1330"]
[BlackElo "1608"]
[Opening "King's Indian, 3.Nf3"]
[ECO "E61"]
[Time "20:01:47"]
[PlyCount "108"]
[TimeControl "2700+45"]

1. d4 Nf6 2. Nf3 g6 3. c4 Bg7 4. Nc3 d6 5. Bf4 Nbd7 6. e3 O-O 7. Be2 Re8 8. O-O
Nh5 9. Bg5 c6 10. Rb1 Qc7 11. b4 e5 12. dxe5 dxe5 13. Ne1 Nhf6 14. Bh4 Nf8 15.
Bg3 Bf5 16. Rc1 Red8 17. Qb3 Qe7 18. Nf3 Ne4 19. Nxe4 Bxe4 20. Bh4 Bf6 21. Bxf6
Qxf6 22. Qc3 Re8 23. Rfd1 h5 24. c5 Bd5 25. a3 Nh7 26. Nd2 Qf5 27. Bf3 Nf6 28.
Re1 e4 29. Be2 Qg5 30. h4 Qxh4 31. g3 Qg5 32. Nc4 Bxc4 33. Qxc4 h4 34. g4 Nxg4
35. Bxg4 Qxg4+ 36. Kh1 Qf3+ 37. Kh2 Qxf2+ 38. Kh1 Qf3+ 39. Kg1 h3 40. Qf1 Qg3+
41. Kh1 Kg7 42. Re2 Rad8 43. Rh2 Rh8 44. Re1 Rd3 45. Ree2 Rxe3 46. Qa1+ f6 47.
Ref2 Rf3 48. Rd2 Qf4 49. Rd7+ Kh6 50. Rd1 e3 51. Re1 Qe4 52. Kg1 Rg3+ 53. Kf1
Qf3+ 54. Rf2 Qxf2# {White checkmated} 0-1

[Event "Team 45 45 League T97"]
[Site "Internet Chess Club"]
[Date "2023.08.18"]
[Round "2"]
[White "Portola"]
[Black "Packerfan"]
[Result "1/2-1/2"]
[WhiteElo "1708"]
[BlackElo "1735"]
[Opening "Queen's pawn game, Darooha variation "]
[ECO "D02"]
[Time "15:00:20"]
[PlyCount "44"]
[TimeControl "2700+45"]

1. d4 d5 2. Nf3 Nf6 3. c3 Bf5 4. Bg5 Nbd7 5. Nbd2 h6 6. Bh4 e6 7. e3 Be7 8. Be2
c6 9. O-O O-O 10. a4 a5 11. Qb3 Qb6 12. Ne5 Qxb3 13. Nxb3 Rfe8 14. Bg3 Nxe5 15.
Bxe5 Nd7 16. Bg3 Bc2 17. Nd2 Bg6 18. Nf3 Bf6 19. Rfe1 e5 20. dxe5 Nxe5 21. Nxe5
Bxe5 22. Bf3 Bxg3 {Game drawn by mutual agreement} 1/2-1/2

[Event "Team 45 45 League T97"]
[Site "Internet Chess Club"]
[Date "2023.08.21"]
[Round "2"]
[White "ivanson"]
[Black "walkover"]
[Result "1/2-1/2"]
[WhiteElo "1606"]
[BlackElo "1712"]
[Opening "Sicilian: Alapin's variation (2.c3)"]
[ECO "B22"]
[Time "15:02:27"]
[PlyCount "58"]
[TimeControl "2700+45"]

1. e4 c5 2. c3 d5 3. exd5 Qxd5 4. d4 e6 5. Nf3 Nf6 6. Na3 Nc6 7. Be3 cxd4 8. Nb5
Qd8 9. Nbxd4 Nd5 10. Nxc6 bxc6 11. Bd2 Bd6 12. c4 Nf6 13. Bc3 O-O 14. Bd3 e5 15.
O-O Qc7 16. c5 Bxc5 17. Bxe5 Qe7 18. Qc2 Bd6 19. Bxf6 Qxf6 20. Bxh7+ Kh8 21. Be4
Rb8 22. b3 Ba6 23. Bd3 Bb7 24. Rae1 c5 25. Be4 Ba6 26. Bd3 Bb7 27. Be4 Ba6 28.
Bd3 Bb7 29. Be4 Ba6 {Game drawn by repetition} 1/2-1/2

[Event "Team 45 45 League T97"]
[Site "Internet Chess Club"]
[Date "2023.08.19"]
[Round "2"]
[White "ElValero"]
[Black "justice02"]
[Result "1-0"]
[WhiteElo "1720"]
[BlackElo "1665"]
[Opening "QGD Slav: 3.Nf3"]
[ECO "D11"]
[Time "11:01:07"]
[PlyCount "163"]
[TimeControl "2700+45"]

1. d4 d5 2. Nf3 c6 3. c4 a6 4. e3 Nf6 5. Bd3 h6 6. Nc3 Nbd7 7. cxd5 cxd5 8. O-O
e6 9. b3 Bd6 10. Bb2 O-O 11. Rc1 Re8 12. Bb1 Nf8 13. Qd3 N6h7 14. e4 Bf4 15.
Rcd1 Bd7 16. Rfe1 dxe4 17. Qxe4 Qc7 18. Ne2 Bd6 19. d5 exd5 20. Qd4 Nf6 21. Rc1
Qd8 22. Ng3 Ne6 23. Qh4 Be7 24. Nf5 Nh7 25. Nxe7+ Qxe7 26. Qg3 Nhg5 27. Nd2 Qf8
28. h4 Nh7 29. Qd3 g6 30. h5 Nf4 31. Qd4 f6 32. Qxf4 g5 33. Qd4 Bc6 34. Bxh7+
Kxh7 35. Qxf6 Qxf6 36. Bxf6 Rac8 37. Nf3 Re4 38. Rxe4 dxe4 39. Nd4 Rf8 40. Nxc6
Rxf6 41. Nd4 Rf7 42. Re1 Re7 43. Nf5 Re5 44. Ng3 Ra5 45. Rxe4 Rxa2 46. Re7+ Kg8
47. Rxb7 Rb2 48. Ra7 Rxb3 49. Rxa6 Rb1+ 50. Kh2 Rb2 51. f3 Kh7 52. Nf5 Rb5 53.
Ra7+ Kh8 54. g4 Rc5 55. Rd7 Ra5 56. Kg3 Ra1 57. Rd6 Kg8 58. Rxh6 Kf7 59. Rg6 Rh1
60. Rxg5 Kf6 61. Kf4 Ra1 62. Rg6+ Kf7 63. Kg5 Ra3 64. f4 Rh3 65. h6 Rh1 66. Nh4
Rxh4 67. Kxh4 Kxg6 68. f5+ Kf6 69. Kh5 Kf7 70. Kg5 Kg8 71. Kf6 Kh8 72. Ke7 Kg8
73. f6 Kh7 74. f7 Kxh6 75. g5+ Kh7 76. g6+ Kxg6 77. f8=Q Kh7 78. Qf7+ Kh8 79.
Qf6+ Kg8 80. Ke6 Kh7 81. Qg5 Kh8 82. Kf7 {Black resigns} 1-0

[Event "Team 45 45 League T97"]
[Site "Internet Chess Club"]
[Date "2023.08.16"]
[Round "2"]
[White "ChessG2011"]
[Black "mongmong"]
[Result "1-0"]
[WhiteElo "1436"]
[BlackElo "1518"]
[Opening "French: advance, Paulsen attack"]
[ECO "C02"]
[Time "16:06:52"]
[PlyCount "25"]
[TimeControl "2700+45"]

1. e4 e6 2. d4 d5 3. e5 c5 4. c3 Nc6 5. Nf3 Qb6 6. Be2 cxd4 7. cxd4 Nh6 8. Bxh6
Qxb2 9. Bxg7 Bxg7 10. Nbd2 Nxd4 11. Qa4+ Bd7 12. Qxd4 Bxe5 13. Qxe5 {Black
resigns} 1-0

[Event "Team 45 45 League T97"]
[Site "Internet Chess Club"]
[Date "2023.08.19"]
[Round "2"]
[White "primerpaso"]
[Black "Portola"]
[Result "1-0"]
[WhiteElo "1764"]
[BlackElo "1694"]
[Opening "English opening"]
[ECO "D35"]
[Time "16:03:03"]
[PlyCount "89"]
[TimeControl "2700+45"]

1. c4 e6 2. Nc3 d5 3. cxd5 exd5 4. d4 Nf6 5. g3 c6 6. Bg2 Bf5 7. Nf3 h6 8. O-O
Bd6 9. a3 Nbd7 10. b4 O-O 11. Qb3 a6 12. Na4 Rb8 13. Bb2 Re8 14. Rfe1 Ne4 15.
Rad1 Qc7 16. Nc5 Ndf6 17. Nd3 Rbd8 18. e3 Qc8 19. Nfe5 Re7 20. f3 Ng5 21. g4 Bh7
22. Nf2 Ne6 23. h3 Rde8 24. Rc1 Qb8 25. a4 Bxe5 26. dxe5 Nd7 27. f4 Nc7 28. Bd4
Ne6 29. Qc3 Nxd4 30. exd4 f6 31. b5 fxe5 32. fxe5 axb5 33. axb5 Re6 34. Nd3 Nb6
35. Nf4 R6e7 36. bxc6 bxc6 37. Qxc6 Qd8 38. Nxd5 Nxd5 39. Qxd5+ Kh8 40. Qxd8
Rxd8 41. d5 Rde8 42. d6 Ra7 43. e6 Bg6 44. d7 Rg8 45. Rc8 {Black resigns} 1-0

[Event "Team 45 45 League T97"]
[Site "Internet Chess Club"]
[Date "2023.08.21"]
[Round "2"]
[White "ElValero"]
[Black "fishhead"]
[Result "0-1"]
[WhiteElo "1709"]
[BlackElo "1648"]
[Opening "English opening"]
[ECO "A30"]
[Time "11:00:18"]
[PlyCount "68"]
[TimeControl "2700+45"]

1. Nf3 Nf6 2. c4 c5 3. Nc3 g6 4. d4 cxd4 5. Nxd4 Nc6 6. e4 d6 7. Be2 Bg7 8. Be3
O-O 9. O-O Bd7 10. Rc1 Nxd4 11. Bxd4 Bc6 12. Bf3 Qa5 13. a3 Nd7 14. Bxg7 Kxg7
15. b4 Qxa3 16. b5 Ne5 17. bxc6 bxc6 18. Qd4 Qb4 19. Be2 c5 20. Qd5 Rfd8 21. Nb5
a6 22. Rb1 e6 23. Nxd6 exd5 24. Rxb4 cxb4 25. c5 dxe4 26. Nxe4 Rd4 27. Nd6 Rd2
28. Re1 Rc2 29. f4 Nc6 30. Bf3 Rxc5 31. Nb7 Rc3 32. Be4 Rb8 33. Nd6 b3 34. Kf2
b2 {White resigns} 0-1

[Event "Team 45 45 League T97"]
[Site "Internet Chess Club"]
[Date "2023.08.21"]
[Round "2"]
[White "zethhon"]
[Black "Sandrotov"]
[Result "0-1"]
[WhiteElo "1467"]
[BlackElo "1645"]
[Opening "Queen's pawn, Mason variation"]
[ECO "D00"]
[Time "20:42:19"]
[PlyCount "72"]
[TimeControl "2700+45"]

1. d4 d5 2. Bf4 Nf6 3. e3 e6 4. Nd2 Bd6 5. Bg3 O-O 6. Ngf3 b6 7. Bd3 Ba6 8. Bxa6
Nxa6 9. Qe2 Nb4 10. Nb3 c5 11. c3 c4 12. a3 Nd3+ 13. Kd1 Bxg3 14. fxg3 Ne4 15.
Rf1 a5 16. Nc1 Nxc1 17. Rxc1 f6 18. Nd2 Nxd2 19. Kxd2 b5 20. e4 b4 21. e5 f5 22.
Qe3 Qb6 23. Rb1 Rab8 24. Kc2 Qb5 25. cxb4 axb4 26. axb4 Qxb4 27. Qc3 Qa4+ 28.
Kd2 Rb3 29. Qc2 Qa7 30. Rbe1 Qxd4+ 31. Kc1 Ra8 32. Kb1 Rab8 33. Rf2 c3 34. Qd1
Rxb2+ 35. Rxb2 Rxb2+ 36. Kc1 Qa7 {White resigns} 0-1

[Event "Team 45 45 League T97"]
[Site "Internet Chess Club"]
[Date "2023.08.20"]
[Round "2"]
[White "Alec-hine"]
[Black "fileman"]
[Result "1/2-1/2"]
[WhiteElo "1925"]
[BlackElo "1806"]
[Opening "Queen's pawn game, Chigorin variation"]
[ECO "A40"]
[Time "14:05:06"]
[PlyCount "80"]
[TimeControl "2700+45"]

1. d4 Nc6 2. Nf3 d5 3. c4 Nf6 4. cxd5 Nxd5 5. e4 Nf6 6. Nc3 Bg4 7. d5 Nb8 8. h3
Bh5 9. e5 Nfd7 10. Bf4 a6 11. g4 Bg6 12. Nh4 e6 13. Nxg6 hxg6 14. dxe6 fxe6 15.
Bd3 Kf7 16. Qc2 Nc6 17. Bxg6+ Kg8 18. O-O-O Qe7 19. Qe4 Rd8 20. h4 Nc5 21. Qe3
Rxd1+ 22. Rxd1 Qxh4 23. f3 b6 24. Ne4 Nxe4 25. Bxe4 Ne7 26. Qb3 Kf7 27. Qc4 g5
28. Be3 Bg7 29. Qxa6 Bxe5 30. Qc4 Bd6 31. Kb1 Qg3 32. Bd4 Rh2 33. Bc3 Qf2 34.
Qd4 Qxd4 35. Bxd4 c5 36. Bg1 Rg2 37. Rxd6 Rxg1+ 38. Kc2 b5 39. Rb6 Rg2+ 40. Kb3
b4 {Game drawn by mutual agreement} 1/2-1/2

[Event "Team 45 45 League T97"]
[Site "Internet Chess Club"]
[Date "2023.08.18"]
[Round "2"]
[White "Redman1"]
[Black "MichaelIC"]
[Result "0-1"]
[WhiteElo "1572"]
[BlackElo "2070"]
[Opening "QGD: 4.Nf3"]
[ECO "D37"]
[Time "14:00:35"]
[PlyCount "78"]
[TimeControl "2700+45"]

1. d4 d5 2. c4 e6 3. Nc3 Nf6 4. Nf3 a6 5. cxd5 exd5 6. Bf4 Bd6 7. Bg3 O-O 8. Qc2
Nc6 9. a3 Bg4 10. e3 Re8 11. O-O-O Ne4 12. Bd3 Nxc3 13. Qxc3 Qf6 14. Bh4 Qh6 15.
Bg3 Ne7 16. h3 Bh5 17. Bxd6 Qxd6 18. Kb1 b6 19. Rc1 Rec8 20. g4 Bg6 21. h4 Qf6
22. Ne5 Qxf2 23. Bxg6 Nxg6 24. Rcf1 Qg2 25. Nxf7 Rf8 26. Qc6 Nh8 27. Rhg1 Qe4+
28. Ka1 Nxf7 29. Rf4 Qe7 30. Qxd5 Rad8 31. Qb3 Kh8 32. Rgf1 Nd6 33. Qc3 Rxf4 34.
Rxf4 Ne4 35. Qc6 Nf6 36. g5 Nd5 37. Rf5 Qe4 38. Re5 Qh1+ 39. Ka2 Nb4+ {White
resigns} 0-1

[Event "Team 45 45 League T97"]
[Site "Internet Chess Club"]
[Date "2023.08.18"]
[Round "2"]
[White "Fischeresque930"]
[Black "MrAbendroth"]
[Result "1-0"]
[WhiteElo "2026"]
[BlackElo "1632"]
[Opening "Queen's pawn: London system"]
[ECO "A45"]
[Time "12:02:07"]
[PlyCount "69"]
[TimeControl "2700+45"]

1. d4 Nf6 2. Bf4 d5 3. e3 e6 4. Nf3 Be7 5. Nbd2 O-O 6. Bd3 Nbd7 7. h3 c5 8. c3
b6 9. O-O Bb7 10. Rc1 Re8 11. Re1 Rc8 12. Qe2 cxd4 13. exd4 Nf8 14. Bb5 Bc6 15.
Ba6 Ra8 16. Ne5 Bd7 17. Nxd7 N8xd7 18. Bb7 Rb8 19. Bxb8 Qxb8 20. Bc6 Bd6 21. Qb5
Rd8 22. Nf3 Qc7 23. Bxd7 Nxd7 24. c4 Qb8 25. cxd5 e5 26. dxe5 Nxe5 27. Nxe5 Bxe5
28. Rc2 h6 29. Rce2 f6 30. Qd3 Qd6 31. Rd1 Qb4 32. b3 Qf4 33. g3 Qb4 34. Qc4 Qd6
35. f4 {Black resigns} 1-0

[Event "Team 45 45 League T97"]
[Site "Internet Chess Club"]
[Date "2023.08.20"]
[Round "2"]
[White "elmaestro"]
[Black "ElValero"]
[Result "0-1"]
[WhiteElo "1565"]
[BlackElo "1730"]
[Opening "Bird's opening"]
[ECO "A03"]
[Time "12:11:52"]
[PlyCount "82"]
[TimeControl "2700+45"]

1. f4 d5 2. e3 c5 3. Nf3 g6 4. Be2 Bg7 5. c3 Nf6 6. O-O O-O 7. d3 Nc6 8. Qe1 Qd6
9. Nbd2 e5 10. fxe5 Nxe5 11. Nxe5 Qxe5 12. Nf3 Qd6 13. Qh4 Re8 14. Bd2 Bg4 15.
Rae1 b5 16. h3 Bf5 17. g4 Bd7 18. Ng5 h6 19. Nf3 a5 20. e4 dxe4 21. dxe4 Nxe4
22. g5 Nxd2 23. gxh6 Nxf3+ 24. Rxf3 Be5 25. h7+ Kg7 26. Qf2 Be6 27. Bxb5 Rh8 28.
Rf1 Ra7 29. Bd3 Rxh7 30. Be4 Rxh3 31. Rxh3 Bxh3 32. Re1 Bg3 33. Qf3 Bxe1 34.
Qxh3 Qg3+ 35. Qxg3 Bxg3 36. b3 f5 37. Bd5 Be5 38. c4 Kf6 39. Kg2 Rh7 40. a3 Rh2+
41. Kf1 Ra2 {White resigns} 0-1

[Event "Team 45 45 League T97"]
[Site "Internet Chess Club"]
[Date "2023.08.20"]
[Round "2"]
[White "julesraider"]
[Black "Manch"]
[Result "1-0"]
[WhiteElo "1614"]
[BlackElo "1349"]
[Opening "QGD: Grau (Sahovic) defense"]
[ECO "D06"]
[Time "15:00:28"]
[PlyCount "73"]
[TimeControl "2700+45"]

1. d4 d5 2. c4 Bf5 3. Nc3 e6 4. Nf3 Bb4 5. Bg5 Ne7 6. cxd5 Bxc3+ 7. bxc3 f6 8.
Bh4 Nxd5 9. Qb3 b6 10. Nd2 Bg6 11. e4 Ne7 12. Bc4 e5 13. d5 Nd7 14. O-O a6 15.
a4 Nc5 16. Qa2 Nxe4 17. Nxe4 Bxe4 18. Rad1 Kf8 19. f4 exf4 20. Rxf4 Bg6 21. Qf2
Bf7 22. Bxf6 gxf6 23. Rxf6 Qe8 24. d6 cxd6 25. Bxf7 Qb8 26. Bh5+ Kg8 27. Qg3+
Ng6 28. Bxg6 d5 29. Qg5 h6 30. Bf7+ Kf8 31. Bxd5+ Ke8 32. Qg6+ Kd8 33. Bxa8+ Kc8
34. Rc6+ Qc7 35. Rxc7+ Kxc7 36. Qg7+ Kc8 37. Qb7# {Black checkmated} 1-0

[Event "Team 45 45 League T97"]
[Site "Internet Chess Club"]
[Date "2023.08.21"]
[Round "2"]
[White "burlap"]
[Black "jjmolina1"]
[Result "1/2-1/2"]
[WhiteElo "1318"]
[BlackElo "1483"]
[Opening "Queen's pawn: London system"]
[ECO "A45"]
[Time "09:00:45"]
[PlyCount "80"]
[TimeControl "2700+45"]

1. d4 Nf6 2. Bf4 e6 3. e3 c6 4. Nd2 d5 5. h3 Nbd7 6. Ngf3 Be7 7. Bd3 O-O 8. O-O
c5 9. Ne5 Qb6 10. Nxd7 Bxd7 11. dxc5 Bxc5 12. Be5 Be7 13. Nf3 Bb5 14. Bd4 Qa6
15. Ne5 Bxd3 16. cxd3 Rfc8 17. Re1 Qd6 18. e4 dxe4 19. dxe4 Rd8 20. Nf3 Qf4 21.
Qc2 Rac8 22. Qb3 b6 23. Be5 Qh6 24. Rad1 Rxd1 25. Qxd1 Rd8 26. Qa4 a5 27. Bxf6
Qxf6 28. e5 Qf5 29. Qb5 Bc5 30. a4 Qf4 31. b3 h6 32. Qe2 Qb4 33. Qc2 Rd5 34. Rd1
Bd4 35. Nxd4 Rxd4 36. Rxd4 Qxd4 37. Qc8+ Kh7 38. Qc2+ Kg8 39. Qc8+ Kh7 40. Qc2+
Kg8 {Game drawn by repetition} 1/2-1/2

[Event "Team 45 45 League T97"]
[Site "Internet Chess Club"]
[Date "2023.08.18"]
[Round "2"]
[White "Gilguli"]
[Black "oldprez1"]
[Result "0-1"]
[WhiteElo "1445"]
[BlackElo "1284"]
[Opening "Caro-Kann: advance variation"]
[ECO "B12"]
[Time "08:04:50"]
[PlyCount "73"]
[TimeControl "2700+45"]

1. e4 c6 2. d4 d5 3. e5 Bf5 4. f4 e6 5. g4 Be4 6. Nf3 Nd7 7. Bd3 Bxd3 8. Qxd3 c5
9. Be3 c4 10. Qd2 Qb6 11. c3 Be7 12. O-O f5 13. gxf5 exf5 14. Qc2 Nh6 15. h3
Qg6+ 16. Kh2 Qh5 17. b3 Ng4+ 18. Kg3 Nxe3 19. Qf2 Nxf1+ 20. Qxf1 O-O 21. bxc4
dxc4 22. Qxc4+ Kh8 23. Qc7 Qg6+ 24. Kh2 Qc6 25. Qxc6 bxc6 26. Nbd2 Rab8 27. Nc4
Nb6 28. Ne3 Ba3 29. c4 g6 30. d5 cxd5 31. cxd5 Bc5 32. Ng2 Nxd5 33. Rd1 Ne3 34.
Nxe3 Bxe3 35. Rd7 Bxf4+ 36. Kg2 Rb2+ 37. Kf1 {White resigns} 0-1

[Event "Team 45 45 League T97"]
[Site "Internet Chess Club"]
[Date "2023.08.20"]
[Round "2"]
[White "Sandrotov"]
[Black "KidRattler"]
[Result "1/2-1/2"]
[WhiteElo "1636"]
[BlackElo "1679"]
[Opening "English: Anglo-Dutch defense"]
[ECO "A10"]
[Time "15:03:55"]
[PlyCount "52"]
[TimeControl "2700+45"]

1. c4 f5 2. Nc3 Nf6 3. g3 e6 4. Bg2 c6 5. d3 d5 6. cxd5 cxd5 7. d4 Nc6 8. Nf3
Bd6 9. O-O O-O 10. a3 Bd7 11. b4 Ne4 12. Nb5 Bb8 13. Qb3 Qb6 14. Nc3 Nxd4 15.
Nxd4 Qxd4 16. Bxe4 fxe4 17. Bb2 Be5 18. e3 Qb6 19. Nxd5 Qd6 20. Nc3 Bxc3 21.
Qxc3 Rf7 22. Rfd1 Qe7 23. Rd2 Bc6 24. Rc1 a6 25. Qd4 Raf8 26. Rc5 h6 {Game drawn
by mutual agreement} 1/2-1/2

[Event "Team 45 45 League T97"]
[Site "Internet Chess Club"]
[Date "2023.08.21"]
[Round "2"]
[White "kabindra"]
[Black "vollmerj"]
[Result "1-0"]
[WhiteElo "1746"]
[BlackElo "1513"]
[Opening "Sicilian: closed"]
[ECO "B23"]
[Time "17:00:19"]
[PlyCount "41"]
[TimeControl "2700+45"]

1. e4 c5 2. Nc3 g6 3. d4 cxd4 4. Qxd4 Nf6 5. Bb5 Bg7 6. e5 Ng8 7. Nf3 Nc6 8.
Bxc6 bxc6 9. O-O e6 10. Ne4 Ne7 11. Nd6+ Kf8 12. Bg5 h6 13. Bf6 Bxf6 14. exf6
Nd5 15. Ne5 Nxf6 16. Ndxf7 Qb6 17. Qd6+ Kg7 18. Nxh8 Kxh8 19. Qf8+ Kh7 20. Qf7+
Kh8 21. Nxg6# {Black checkmated} 1-0

[Event "Team 45 45 League T97"]
[Site "Internet Chess Club"]
[Date "2023.08.17"]
[Round "2"]
[White "smsxman"]
[Black "NATYNL09"]
[Result "0-1"]
[WhiteElo "1407"]
[BlackElo "1151"]
[Opening "Queen's pawn game, Darooha variation "]
[ECO "D02"]
[Time "21:17:27"]
[PlyCount "92"]
[TimeControl "2700+45"]

1. Nf3 Nf6 2. d4 d5 3. g3 Bg4 4. Bg2 e6 5. Nc3 Bb4 6. Bd2 O-O 7. O-O Nc6 8. a3
Ba5 9. b4 Bb6 10. Be3 Re8 11. Rb1 e5 12. Nb5 Bxf3 13. Bxf3 a6 14. dxe5 axb5 15.
Bxb6 cxb6 16. exf6 Qxf6 17. Bxd5 Rad8 18. e4 Rxe4 19. Bxe4 Rxd1 20. Rbxd1 Nd4
21. Rfe1 h6 22. Bxb7 Kh7 23. Be4+ g6 24. Rc1 Nf3+ 25. Bxf3 Qxf3 26. c3 Qd5 27.
Red1 Qb3 28. Ra1 Qxc3 29. Rdc1 Qb2 30. Rcb1 Qc3 31. Rc1 Qf3 32. Re1 Kg7 33. Re3
Qf6 34. Rae1 Qb2 35. R1e2 Qc1+ 36. Kg2 Qc6+ 37. f3 g5 38. g4 Qg6 39. Re7 h5 40.
h3 h4 41. R7e5 f6 42. Rf5 Qf7 43. Rxb5 Qc4 44. Re7+ Kf8 45. Rxb6 Kxe7 46. a4
Qe2+ {White resigns} 0-1

[Event "Team 45 45 League T97"]
[Site "Internet Chess Club"]
[Date "2023.08.18"]
[Round "2"]
[White "fhunfi"]
[Black "Gojira"]
[Result "1/2-1/2"]
[WhiteElo "1693"]
[BlackElo "1609"]
[Opening "Sicilian: Hungarian variation"]
[ECO "B27"]
[Time "08:38:34"]
[PlyCount "68"]
[TimeControl "2700+45"]

1. e4 c5 2. Nf3 g6 3. Bc4 Bg7 4. c3 e6 5. d4 cxd4 6. cxd4 d5 7. exd5 exd5 8.
Bb5+ Bd7 9. Bxd7+ Qxd7 10. O-O Ne7 11. Re1 Nc6 12. Nc3 O-O 13. Bf4 Rfe8 14. Ne5
Qf5 15. Qd2 Nxe5 16. Bxe5 Nc6 17. Bxg7 Kxg7 18. Re3 Re7 19. Rxe7 Nxe7 20. Re1
Nc6 21. Qe3 Rd8 22. f3 Rd7 23. Qd2 Qf6 24. Rd1 Qd8 25. g3 Re7 26. Kf1 Re6 27.
Ne2 Qf6 28. Kf2 h5 29. Nf4 Rd6 30. h4 Qf5 31. Kg2 Nd8 32. Re1 Ne6 33. Nxe6+ Rxe6
34. Rxe6 Qxe6 {Game drawn by mutual agreement} 1/2-1/2

[Event "Team 45 45 League T97"]
[Site "Internet Chess Club"]
[Date "2023.08.17"]
[Round "2"]
[White "Rookmaster"]
[Black "BrerRabbit"]
[Result "0-1"]
[WhiteElo "1548"]
[BlackElo "1405"]
[Opening "Caro-Kann: Tartakower (Nimzovich) variation"]
[ECO "B15"]
[Time "19:00:57"]
[PlyCount "62"]
[TimeControl "2700+45"]

1. e4 c6 2. d4 d5 3. Nc3 dxe4 4. Nxe4 Nf6 5. Nxf6+ exf6 6. c3 Bd6 7. Bd3 O-O 8.
Qc2 Re8+ 9. Ne2 h5 10. Be3 Nd7 11. O-O-O Nf8 12. Ng3 g6 13. Ne4 Be7 14. Rhe1 b6
15. Nd2 Be6 16. Bh6 a5 17. Bxf8 Bxf8 18. Bxg6 fxg6 19. Qxg6+ Bg7 20. Qxh5 Bf7
21. Qg4 Qc8 22. Qg3 Qd7 23. f4 Rxe1 24. Rxe1 Re8 25. b3 Rxe1+ 26. Qxe1 Qe6 27.
Qf2 Bg6 28. Kb2 b5 29. Qf3 Qf5 30. Qd1 Qxf4 31. g3 Qf2 {White resigns} 0-1

[Event "Team 45 45 League T97"]
[Site "Internet Chess Club"]
[Date "2023.08.18"]
[Round "2"]
[White "BIRDSMAN"]
[Black "trogers41"]
[Result "0-1"]
[WhiteElo "1370"]
[BlackElo "1458"]
[Opening "Colle system"]
[ECO "D05"]
[Time "14:01:07"]
[PlyCount "85"]
[TimeControl "2700+45"]

1. d4 Nf6 2. Nf3 e6 3. e3 d5 4. Bd3 c5 5. c3 Nc6 6. Nbd2 cxd4 7. exd4 Bd6 8. O-O
O-O 9. Re1 Qc7 10. Nf1 h6 11. Ng3 b6 12. Qe2 Bb7 13. Bd2 Rac8 14. Ne5 Rfe8 15.
Nh5 Bxe5 16. dxe5 Ne4 17. Bxe4 dxe4 18. Qg4 Qxe5 19. Bxh6 f5 20. Qxg7+ Qxg7 21.
Bxg7 Re7 22. Bd4 e5 23. Be3 Kf7 24. f4 exf3 25. gxf3 Rh8 26. Ng3 f4 27. Bxf4
exf4 28. Rxe7+ Nxe7 29. Ne2 Bxf3 30. Nxf4 Rg8+ 31. Kf2 Be4 32. Rd1 Bc6 33. Rd6
Rg5 34. h4 Rg4 35. Ne6 Rg2+ 36. Ke1 Bb5 37. Nd4 Rxb2 38. Nxb5 Rxb5 39. Rd7 Ra5
40. Rd2 Kg6 41. Re2 Nf5 42. Rg2+ Kh5 43. Rg1 {White resigns} 0-1

[Event "Team 45 45 League T97"]
[Site "Internet Chess Club"]
[Date "2023.08.20"]
[Round "2"]
[White "CMAlge"]
[Black "sdcohle"]
[Result "1-0"]
[WhiteElo "1404"]
[BlackElo "1289"]
[Opening "Queen's pawn"]
[ECO "A40"]
[Time "13:00:26"]
[PlyCount "27"]
[TimeControl "2700+45"]

1. d4 e6 2. Nc3 Bb4 3. Bf4 Nf6 4. e3 Bxc3+ 5. bxc3 d5 6. Bd3 Nbd7 7. Nf3 O-O 8.
Ne5 Qe7 9. g4 Ne8 10. g5 f6 11. Bxh7+ Kxh7 12. Qh5+ Kg8 13. g6 fxe5 14. Qh7#
{Black checkmated} 1-0

[Event "Team 45 45 League T97"]
[Site "Internet Chess Club"]
[Date "2023.08.21"]
[Round "2"]
[White "Portola"]
[Black "Lawkeito"]
[Result "0-1"]
[WhiteElo "1683"]
[BlackElo "1807"]
[Opening "Queen's pawn game, Darooha variation "]
[ECO "D02"]
[Time "16:00:33"]
[PlyCount "124"]
[TimeControl "2700+45"]

1. d4 d5 2. Nf3 Nf6 3. c3 Bf5 4. Bg5 h6 5. Bh4 e6 6. Nbd2 Bd6 7. e3 O-O 8. Be2
c5 9. O-O Nc6 10. Re1 Re8 11. dxc5 Bxc5 12. Nb3 Be7 13. Nbd4 Nxd4 14. Nxd4 Bg6
15. Bg3 a6 16. Nf3 Ne4 17. Ne5 Nxg3 18. hxg3 Be4 19. Bh5 Rf8 20. Be2 Bd6 21. Nf3
Qb6 22. Qb3 Bc7 23. Nd2 Bg6 24. Bf3 Rfd8 25. Rad1 a5 26. Qxb6 Bxb6 27. e4 d4 28.
Nc4 Bc5 29. cxd4 Bxd4 30. Rd2 b5 31. Na3 Rab8 32. Red1 e5 33. Nc2 Bb6 34. Na3
Rxd2 35. Rxd2 Bc5 36. Nc2 f6 37. Rd5 Rc8 38. Rd2 Bf7 39. Bg4 Rb8 40. b3 b4 41.
Be2 Kf8 42. g4 Ra8 43. Bb5 Be6 44. Kf1 Bxg4 45. Rd5 Rc8 46. Ne1 Bd4 47. Bc4 Be6
48. Rxd4 exd4 49. Bxe6 Rc1 50. Ke2 Ra1 51. Nc2 Rxa2 52. Kd3 Ke7 53. Bc4 Kd6 54.
f3 Kc5 55. g3 a4 56. Nxd4 a3 57. Ne6+ Kd6 58. Nd4 Rb2 59. Nb5+ Kc5 60. Nxa3 bxa3
61. Kc3 Rb1 62. Kc2 a2 {White resigns} 0-1